 Dungeon Crawl Stone Soup version 0.30-a0-845-g7c6808c8ce (webtiles) character file.

Game seed: 11878355294885316149

326 qeuew the Conjurer (level 6, -12/37 HPs)
             Began as a Tengu Reaver on Mar 2, 2023.
             Mangled by a sleepcap (21 damage)
             ... on level 4 of the Dungeon.
             The game lasted 00:03:50 (2710 turns).

qeuew the Conjurer (Tengu Reaver)                   Turns: 2710, Time: 00:03:51

Health: -12/37     AC:  4    Str: 11    XL:     6   Next: 49%
Magic:  11/11      EV:  2    Int: 18    God:
Gold:   194        SH:  0    Dex: 13    Spells: 9/10 levels left

rFire   . . .      SeeInvis .    a - +1 falchion
rCold   . . .      Faith    .    (no shield)
rNeg    . . .      Spirit   .    b - +1 leather armour
rPois   +          Reflect  .    (helmet restricted)
rElec   .          Rampage  .    (no cloak)
rCorr   .                        (no gloves)
Will    .....                    (boots unavailable)
Stlth   +                        (no amulet)
HPRegen 0.26/turn                (no ring)
MPRegen 0.12/turn                (no ring)

@: sleeping, flying quickly and evasively, quick
A: beak, talons 3, nimble flight, clever 1, poison resistance
a: no special abilities


You were on level 4 of the Dungeon.
You visited 1 branch of the dungeon, and saw 4 of its levels.

You collected 194 gold pieces.

Inventory:

Hand Weapons
 a - a +1 falchion (weapon)
Armour
 b - a +1 leather armour (worn)
Jewellery
 m - a ring of protection from fire
Scrolls
 d - 2 scrolls of blinking
 f - a scroll of magic mapping
Potions
 c - a potion of brilliance
 e - 2 potions of curing
 g - a potion of haste
 h - 3 potions of magic
 i - a potion of berserk rage
 j - a potion of might


   Skills:
 + Level 3.1 Fighting
 + Level 4.2 Long Blades
 + Level 2.1 Armour
 + Level 3.3 Dodging
 + Level 2.8 Spellcasting
 * Level 6.0 Conjurations


You had 9 spell levels left.
You knew the following spells:

 Your Spells              Type           Power      Damage    Failure   Level
a - Kiss of Death         Conj/Necr      52%        2d9       6%          1

Your spell library contained the following spells:

 Spells                   Type           Power      Damage    Failure   Level
 Momentum Strike          Conj/Tloc      26%        3d8       10%         2
 Hailstorm                Conj/Ice       13%        3d5       19%         3
 Apportation              Tloc           4%         N/A       22%         1
 Necrotise                Necr           8%         1d4       22%         1
 Summon Small Mammal      Summ           8%         N/A       22%         1


Dungeon Overview and Level Annotations

Branches:
Dungeon (4/15)
 Temple: D:4-7

Altars:
Kikubaaqudgha
Xom

Shops:
D:3 ?


Innate Abilities, Weirdness & Mutations

You have a beak for a mouth.
You have claws for feet.
Your magical nature lets you fly swiftly and evasively.
Your mind is acute. (Int +4, Str/Dex -1)
Your system is resistant to poisons. (rPois)


Message History

You peck the sleepcap.
The sleepcap is lightly damaged.
The sleepcap releases spores at you.
You are engulfed in a cloud of soporific spores!
You are too injured to fight recklessly!
You are too injured to fight recklessly!
You are too injured to fight recklessly!
You are too injured to fight recklessly!
You are too injured to fight recklessly!
You are too injured to fight recklessly!
You hit the sleepcap.
The sleepcap is lightly damaged.
The sleepcap releases spores at you.
You are engulfed in a cloud of soporific spores!
You fall asleep.
The sleepcap releases spores at you.
You wake up.
* * * LOW HITPOINT WARNING * * *
You are engulfed in a cloud of soporific spores!
You are unaffected.
You hit the sleepcap.
You claw the sleepcap, but do no damage.
The sleepcap is moderately damaged.
The sleepcap barely misses you.
You hit the sleepcap but do no damage.
The sleepcap is moderately damaged.
The sleepcap releases spores at you.
* * * LOW HITPOINT WARNING * * *
You are engulfed in a cloud of soporific spores!
You hit the sleepcap. You claw the sleepcap. You peck the sleepcap.
The sleepcap is heavily damaged.
The sleepcap completely misses you.
You hit the sleepcap. You peck the sleepcap.
The sleepcap is severely damaged.
The sleepcap releases spores at you.
* * * LOW HITPOINT WARNING * * *
You are engulfed in a cloud of soporific spores!
You fall asleep.
The sleepcap releases spores at you!!
Ouch! That really hurt!
You die...

.. .. ... . ..
.... # #.#<
..... #.#.#.
..>.. #....##
#.....
#....##......
#....#.....$. .
##..#<@f......
..#...#)).......
................
###.....#.#.##.
###..##.# #
#..## .# ##:# #
#.).# .....#


You could see a sleepcap.

Vanquished Creatures
  Sigmund (D:3)
  An orc wizard (D:4)
  5 adders
  2 worms
  A dart slug (D:1)
  3 orcs (D:4)
  11 bats
  7 endoplasms
  A giant cockroach (D:1)
  9 goblins
  8 hobgoblins
  2 jackals (D:2)
  2 quokkas (D:1)
  7 ball pythons
  5 kobolds
  3 rats (D:2)
68 creatures vanquished.

Vanquished Creatures (others)
  A withered plant (D:3)
1 creature vanquished.

Grand Total: 69 creatures vanquished

Notes
Turn   | Place    | Note
-------+----------+-------------------------------------------
     0 | D:1      | qeuew the Tengu Reaver began the quest for the Orb.
     0 | D:1      | Reached XP level 1. HP: 12/12 MP: 4/4
   142 | D:1      | Reached XP level 2. HP: 9/17 MP: 6/6
   470 | D:1      | Reached XP level 3. HP: 21/21 MP: 7/7
  1135 | D:2      | Reached XP level 4. HP: 27/27 MP: 8/8
  1210 | D:2      | Reached skill level 1 in Armour
  1655 | D:2      | Found a faded altar of an unknown god.
  1797 | D:3      | Noticed Sigmund
  1810 | D:3      | Killed Sigmund
  1811 | D:3      | Reached skill level 5 in Conjurations
  1811 | D:3      | Gained mutation: Your magical nature lets you fly swiftly
                  | and evasively. [Tengu growth]
  1811 | D:3      | Reached XP level 5. HP: 18/32 MP: 8/10
  1811 | D:3      | Reached XP level 6. HP: 21/37 MP: 8/11
  2006 | D:3      | Found a shimmering altar of Xom.
  2204 | D:3      | Found Gifu Hia's Magic Scroll Boutique.
  2296 | D:3      | Found an ancient bone altar of Kikubaaqudgha.
  2483 | D:3      | Gained mutation: Your system is resistant to poisons.
                  | (rPois) [potion of mutation]
  2483 | D:3      | Gained mutation: Your mind is acute. (Int +4, Str/Dex -1)
                  | [potion of mutation]
  2625 | D:3      | Reached skill level 6 in Conjurations
  2710 | D:4      | Mangled by a sleepcap

Illustrated notes

Levels and vault maps discovered:
D:1:      minmay_arrival_stair_chambers, layout_basic, serial_park_tiny_2,
          minmay_pentomino_x2
D:2:      layout_loops_corners, chequers_ecumenical_altar_grove,
          minmay_stone_trees_small, minmay_misc_feat_doors, minmay_vboxes
D:3:      layout_basic, kiku_gazebo_garden_becter, mainiacjoe_overflow_alcove_2,
          serial_shops, shop, uniq_sigmund
D:4:      layout_cave_pools, lemuel_coloured_pillars_altar,
          mainiacjoe_overflow_large_starburst, minmay_temple_entry_purple_smoke

Skill      XL: |  1  2  3  4  5  6 |
---------------+-------------------+-----
Armour         | 2 |  2.1
Fighting       | 3 |  3.1
Long Blades    | 4 |  4.2
Dodging        | 3 |  3.3
Conjurations   | 5 6 |  6.0
Spellcasting   | |  2.8

Action                     |  1- 3 |  4- 6 || total
---------------------------+-------+-------++-------
  Melee: Falchion          |    86 |    98 ||   184
         Kick              |    19 |    30 ||    49
         Peck              |     9 |    16 ||    25
    Use: Scroll            |     3 |     8 ||    11
         Potion            |     3 |     4 ||     7
   Stab: Sleeping          |       |     1 ||     1
 Armour: Leather armour    |    20 |    22 ||    42
  Dodge: Dodged            |    64 |    68 ||   132

Table legend: (Time is in decaauts)
 A = Elapsed time spent in this place.
 B = Non-inter-level travel time spent in this place.
 C = Inter-level travel time spent in this place.
 D = Time resting spent in this place.
 E = Time spent auto-exploring this place.
 F = Levels seen in this place.
 G = Mean time per level.
                   A        B        C        D        E       F      G
               +--------+--------+--------+--------+--------+-----+--------+
         Total |   2689 |   2654 |     35 |    143 |   2035 |   4 |  672.2 |
       Dungeon |   2689 |   2654 |     35 |    143 |   2035 |   4 |  672.2 |
               +--------+--------+--------+--------+--------+-----+--------+

Top non-repeatable levels by time:
     D:2: 956 daAuts
     D:3: 892 daAuts
     D:1: 793 daAuts
     D:4: 48 daAuts
